cohdb
Replays
Latest Replays
All Replays
Popular Replays
Top Player Replays
Match Explorer
How It Works
Community
CoH3 Stats
Reddit
Sign in to upload your games and track your stats! →
Sign in with Steam
Match 45706652
Unlisted
Match 45706652
Overview
Messages
Build Orders
End
Royal Engineer Section
Vickers Machine Gun Team
Construct Section Command Post
Dingo Light Scout Car
Selects Canadian Shock Battlegroup
Selects Attacking Spirit
Selects Canadian Shock Section
Canadian Shock Section
Construct Platoon Command Post
Selects Incendiary Munitions
Humber Armored Car
6-pounder Anti-tank Gun Team
Selects Pyrotechnics
De_znutz
Κατσίκα
~TAB~ THUND3RCHUNKY
Mikhail
0
0
Comments
sign in to comment!
No comments posted yet!